[Event "*** MasterClass Titled Tuesday Blitz"]
[Site "Chess.com"]
[Date "2017.12.05"]
[Round "4"]
[White "lucasmito"]
[Black "Marcin"]
[Result "0-1"]
[WhiteElo "2190"]
[BlackElo "2219"]
[TimeControl "180+2"]
[EndTime "15:05:09 PST"]
[Termination "Marcin won by checkmate"]

1. e4 c5 2. Nf3 e6 3. d4 cxd4 4.
Nxd4 Nc6 5. Nc3 Qc7 6. Be3 a6 7. Bd3 Nf6 8. O-O Nxd4 9. Bxd4 Bc5 10. Bxc5 Qxc5 11. Qe2 d6 12. Kh1 O-O 13. f4 Nd7 14. Rae1 b5 15. e5 Bb7 16. Ne4 Bxe4 17. Qxe4 g6 18.
exd6 Qxd6 19. Qe3 Rac8 20. Rf3 Qc5 21. Qe2 Nf6 22. a3 Rfd8 23. h3 Qd4 24. g4 Qxb2 25. f5 exf5 26. gxf5 Re8 27. Qf2 Rxe1+ 28. Qxe1 Re8 29. Qf2 g5 30. Rg3 h6 31. h4 g4 32.
Rg1 Qe5 33. Rg2 Qe3 34. Qf1 Qh3+ 35. Kg1 Qxh4 36. Rf2 Qg3+ 37. Rg2 Qe3+ 38. Kh1 Qe1 39. Qxe1 Rxe1+ 40. Kh2 Re3 41. a4 bxa4 42. Bxa6 h5 43.
c4 Rc3 44. Ra2 h4 45. Rxa4 Rc2+ 46. Kg1 g3 47. Ra3 Nh5 48. c5 Nf4 49. c6 Rc1+ 50. Bf1 Rxc6 51. Rf3 Nh5 52. Be2 Rc2 53. Re3 Nf4 54.
Bf1 Kg7 55. Rf3 Nh5 56. Bd3 Rd2 57. Kf1 Kf6 58. Kg1 Kg5 59. Bf1 Nf4 60. f6 Kg4 61.
Rb3 h3 62. Rb4 Rd1 63. Rd4 h2+ 64. Kh1 Rxf1# 0-1

[Event "*** MasterClass Titled Tuesday Blitz"]
[Site "Chess.com"]
[Date "2017.12.05"]
[Round "4"]
[White "MITerryble"]
[Black "yurisolo"]
[Result "1-0"]
[WhiteElo "2662"]
[BlackElo "2490"]
[TimeControl "180+2"]
[EndTime "15:05:28 PST"]
[Termination "MITerryble won on time"]

1. Nf3 c5 2. e4 d6 3. Bb5+ Nd7 4. d4 Nf6 5. Nc3 a6 6. Bxd7+ Nxd7 7. d5 b5 8. Bf4 b4 9. Ne2 g6 10. O-O Bg7 11. Qc1 a5 12. Re1 Ba6 13. Bh6 Bf6 14.
Bg5 Bg7 15. Bh6 Bf6 16. Ng3 Ne5 17. Nxe5 Bxe5 18. Bf4 Bg7 19. Bh6 Bf6 20. f4 Bd4+ 21. Kh1 Qd7 22. h3 Bf2 23. Kh2 Bxe1 24. Qxe1 f6 25.
Rd1 O-O-O 26. a3 Kb7 27. axb4 axb4 28. e5 f5 29. c3 b3 30. Nf1 Qb5 31. Ne3 Qe2 32.
Qxe2 Bxe2 33. Rd2 Bb5 34. c4 Ba4 35. e6 Rhe8 36. g4 fxg4 37. hxg4 Rg8 38. Kg3 Kc7 39. Rh2 Rde8 40. Nd1 Ra8 41. Bg5 Rg7 42. Bh6 Rgg8 43. Nc3 Be8 44. Ne4 Ra1 45. Bg5 Rg7 46. Bh6 Rg8 47.
Bg5 Rg7 48. Bh6 Rg8 49. Bg5 Rg7 50. Bh6 Rg8 51. Bg5 Rg7 52. Nc3 Rc1 53. Bh6 Rg8 54.
Rf2 Rc2 55. Kf3 Rxf2+ 56. Kxf2 Kb6 57. Ke3 Ka5 58. Kd3 Kb4 59. Ne4 Ka5 60. Ng5 Kb6 61. Kc3 Ba4 62. Nf7 Kc7 63. Bg5 Re8 64. Nh6 Kb6 65.
f5 1-0

[Event "*** MasterClass Titled Tuesday Blitz"]
[Site "Chess.com"]
[Date "2017.12.05"]
[Round "4"]
[White "Swarnapuri"]
[Black "wanyaland"]
[Result "1-0"]
[WhiteElo "2399"]
[BlackElo "2245"]
[TimeControl "180+2"]
[EndTime "15:05:29 PST"]
[Termination "Swarnapuri won by resignation"]

1. d4 d5 2. Bf4 Nf6 3. e3 c5 4. c3 e6 5. Nd2 Qb6 6. Rb1 Nc6 7. Bd3 Be7 8. Ngf3 Bd7 9. Ne5 Rc8 10. Qf3 cxd4 11. exd4 Nxe5 12. dxe5 Ng8 13. O-O Bb5 14. Be3 Qa6 15. Bxb5+ Qxb5 16. Qg4 Kf8 17. Nf3 Rc4 18. Nd4 Qd7 19. Rbc1 h5 20. Qe2 g6 21. Qd2 Kg7 22.
h3 Nh6 23. Bg5 Bxg5 24. Qxg5 Qd8 25. Qf4 a6 26. Rcd1 Nf5 27. Nxf5+ gxf5 28. Rd4 b5 29. Rfd1 Rh6 30. Qf3 Qg5 31. h4 Qe7 32. R1d3 f6 33.
Qf4 Rg6 34. Re3 Rg4 35. exf6+ Qxf6 36. Qd6 Re4 37. Rexe4 fxe4 38. Rxc4 bxc4 39. Qxa6 Kf7 40. Qa7+ Kg6 41. Qe3 Qxh4 42. a4 Qd8 43. Qg3+ Kf7 44. Qf4+ Ke8 45. Qe5 Kd7 46. Qxh5 Qb6 47. Qf7+ Kd6 48.
Qf8+ Ke5 49. g3 d4 50. Qg7+ Kf5 51. Qxd4 Qxb2 52. Qxc4 Qb1+ 53. Kg2 Qd1 54. Qc5+ Kg6 55. Qe3 Qxa4 56. Qf4 Qc4 57. Qe5 Kf7 58. g4 Qd3 59.
Qf4+ Ke7 60. Qe3 Qd1 61. Kg3 Qc2 62. Kf4 Kf6 63. Qd4+ Kf7 64. Ke5 Qe2 65. Qxe4 Qxf2 66. Qf4+ Qxf4+ 67. Kxf4 1-0

[Event "*** MasterClass Titled Tuesday Blitz"]
[Site "Chess.com"]
[Date "2017.12.05"]
[Round "4"]
[White "Joseph_Truelson"]
[Black "isaacAbdulsalam"]
[Result "1-0"]
[WhiteElo "2108"]
[BlackElo "1960"]
[TimeControl "180+2"]
[EndTime "15:05:30 PST"]
[Termination "Joseph_Truelson won by checkmate"]

1. c4 Nf6 2. Nc3 e6 3. e4 d6 4. d4 Nbd7 5. f3 c5 6. d5 e5 7. Be3 a6 8. Bd3 Be7 9. Nge2 h5 10. Qd2 h4 11. O-O-O Nf8 12. g3 h3 13. f4 Ng6 14.
f5 Nf8 15. Rhg1 Ng4 16. Kb1 Nxh2 17. Rh1 Nf3 18. Qc1 Bd7 19. Rdf1 Ng5 20. Ng1 b5 21. cxb5 axb5 22. Nxb5 Qa5 23. Nc3 c4 24. Bxg5 cxd3 25. Bxe7 Kxe7 26. Qg5+ Ke8 27. Rxh3 Rxh3 28. Nxh3 Rb8 29. Qd2 Nh7 30. Rh1 Nf6 31. Ng5 Ke7 32. Qxd3 Qb4 33. Qc2 Ng4 34. Re1 Kf6 35. Nh3 Rh8 36. Nf2 Nh2 37. Rh1 Rh6 38. Nd3 Qd4 39. Rxh2 Qg1+ 40. Nd1 Rxh2 41. Qc1 Qxg3 42. N1f2 Qh4 43.
Qe3 Bb5 44. a4 Bxd3+ 45. Nxd3 Rh1+ 46. Ka2 Rh3 47. Qd2 Qg3 48. Nc1 Rh2 49. Qc3 Qg2 50.
a5 Qxe4 51. Qc6 Qxf5 52. a6 Kg6 53. a7 Rh1 54. a8=Q Qf1 55. Qac8 f6 56. Qg4+ Kh7 57. Qe4+ Kh6 58. Qec4 Qg1 59. Qc7 Rh5 60. Qc2 Rg5 61. Nd3 Qd4 62. Qc8 Qxd5+ 63. b3 Rg2 64. Qh8+ Kg6 65.
Nf4+ Kf7 66. Nxd5 Rxc2+ 67. Kb1 Rd2 68. Nc7 Rd1+ 69. Kc2 Rd4 70. Qe8# 1-0

[Event "*** MasterClass Titled Tuesday Blitz"]
[Site "Chess.com"]
[Date "2017.12.05"]
[Round "4"]
[White "jcibarra"]
[Black "JoachimBN"]
[Result "1-0"]
[WhiteElo "2690"]
[BlackElo "2517"]
[TimeControl "180+2"]
[EndTime "15:05:44 PST"]
[Termination "jcibarra won by resignation"]

1. e4 g6 2. d4 Bg7 3. Nc3 d5 4. exd5 Nf6 5. Bc4 Nbd7 6. Nf3 O-O 7. O-O Nb6 8. Bb3 a5 9. a3 a4 10. Ba2 Nbxd5 11. Nxd5 Nxd5 12. Re1 c6 13. h3 Bf5 14. c3 Re8 15. Bg5 h6 16. Bh4 g5 17. Bg3 e6 18. Qd2 Qa5 19. Ne5 Bxe5 20. Bxe5 f6 21.
Bxd5 fxe5 22. Ba2 Rad8 23. Qe3 exd4 24. cxd4 Qb6 25. Qe5 Kh7 26. Rad1 Qxb2 27. Bb1 Qxa3 28. Qc7+ Kg8 29. Qxb7 Qd6 30. Qa6 a3 31. Qc4 Kg7 32. Qc3 Kh7 33. Qb3 Kg7 34. Qc3 Kh7 35. Qb3 Bxb1 36. Qxb1+ Kg7 37. Re3 e5 38. Qa1 Kf8 39.
Rf3+ Kg8 40. Qa2+ Qd5 41. Qxa3 exd4 42. Rf6 Re6 43. Rxd4 Rxf6 44. Rxd5 cxd5 45. Qe7 Rfd6 46. Qe3 d4 47. Qd3 Kg7 48. h4 gxh4 49. Kh2 Rd5 50.
Kh3 R8d6 51. Kxh4 Rd8 52. f4 R8d6 53. g4 Rd8 54. f5 R5d7 55. Qa6 Rd6 56. Qd3 R6d7 57.
Kh5 Rd6 58. g5 hxg5 59. Kxg5 Rd5 60. Kf4 Kf7 61. Ke4 Kf6 62. Kf4 R8d6 63. Kg4 Re5 64. Qg3 Re4+ 65. Kh5 Rd7 66. Qg6+ Ke7 67. f6+ Kd8 68.
Qxe4 d3 69. f7 d2 70. f8=Q+ 1-0

[Event "*** MasterClass Titled Tuesday Blitz"]
[Site "Chess.com"]
[Date "2017.12.05"]
[Round "4"]
[White "vpantev"]
[Black "JusticeBot"]
[Result "0-1"]
[WhiteElo "2446"]
[BlackElo "2569"]
[TimeControl "180+2"]
[EndTime "15:06:16 PST"]
[Termination "JusticeBot won by resignation"]

1. d4 Nf6 2. Nf3 g6 3. Bf4 d6 4.
e3 Nbd7 5. Be2 c5 6. c3 b6 7. Nbd2 Bb7 8. Qb1 Nh5 9. Bg5 h6 10. Bh4 g5 11. Bg3 Bg7 12. O-O Ndf6 13. Bb5+ Kf8 14.
a4 a6 15. Bd3 Rc8 16. Re1 Qd7 17. Ne4 Nxg3 18. Nxg3 h5 19. Ne4 g4 20. Nh4 Qc6 21. f3 Rg8 22. Nf5 Bh8 23. Kf2 cxd4 24.
exd4 Nd5 25. Qc1 Rg6 26. Nh4 Re6 27. Qd2 Ke8 28. Re2 Kd7 29. Ng3 Rxe2+ 30. Bxe2 Rg8 31. Qh6 Nxc3 32. bxc3 Qxc3 33. Rd1 Bxd4+ 34. Kf1 Rh8 35. Qf4 Bf6 36. Qf5+ e6 37. Qf4 Bxh4 38. Qxd6+ Kc8 39.
Ne4 Qc6 40. Qd2 Kb8 41. Rc1 Qd5 42. Qf4+ e5 43. Qf5 Bc8 44. Rxc8+ Rxc8 45. g3 Be7 46.
fxg4 hxg4 47. Bxg4 Qd3+ 48. Kg2 Qc2+ 49. Kf3 Qb3+ 50.
Kg2 Qa2+ 51. Kf3 Qb3+ 52. Kg2 Qb2+ 53. Kf3 Rd8 54. Nf2 Bc5 55. Nd3 Qc3 56. Qxe5+ Qxe5 57. Nxe5 Rd2 58. Ke4 Rxh2 59. Nxf7 Ra2 60. Bd7 Kc7 61. Be6 Rxa4+ 62. Kf5 Rd4 63. g4 Be7 64. g5 Bxg5 65.
Nxg5 a5 66. Ke5 Rd1 67. Bd5 a4 68. Ne6+ Kb8 69. Nd4 a3 70. Nc6+ Kc7 71. Nb4 b5 72. Bb3 Rb1 73. Nd5+ Kc6 74. Bc2 Rb2 75. Be4 Kc5 76.
Nf4 Kb6 77. Nd5+ Ka5 78. Nc3 b4 0-1

[Event "*** MasterClass Titled Tuesday Blitz"]
[Site "Chess.com"]
[Date "2017.12.05"]
[Round "4"]
[White "moro182"]
[Black "champ2005"]
[Result "0-1"]
[WhiteElo "2591"]
[BlackElo "2446"]
[TimeControl "180+2"]
[EndTime "15:06:18 PST"]
[Termination "champ2005 won by resignation"]

1. d4 Nf6 2. c4 e6 3. Nf3 d5 4.
Nc3 c6 5. e3 dxc4 6. Bxc4 b5 7.
Bb3 a6 8. e4 c5 9. Bg5 h6 10. Bh4 cxd4 11. Nxd4 Bc5 12. Nf3 Qxd1+ 13. Rxd1 Bb4 14. e5 g5 15. exf6 gxh4 16. Nxh4 Bxc3+ 17. bxc3 Nd7 18. O-O Nxf6 19. Rfe1 O-O 20. f4 a5 21. a3 a4 22. Ba2 Bb7 23. f5 Bd5 24.
Bb1 Rfc8 25. Re3 Rc4 26. Nf3 Rac8 27. fxe6 Bxe6 28. Ba2 Rxc3 29. Bxe6 fxe6 30. Rxe6 Rc1 31. Rxc1 Rxc1+ 32. Kf2 Kf7 33. Rb6 Rc3 34. Ne5+ Kg7 35.
Rb7+ Kg8 36. Rxb5 Rxa3 37. Rb8+ Kg7 38. Rb7+ Kg8 39. Ra7 Ne4+ 40. Ke2 Rb3 41. Nc4 Rb4 42. Kd3 Kf8 43. Ne5 Nc5+ 44. Kc3 Re4 45. Nc4 Re2 46.
Kd4 Nb3+ 47. Kd5 Rxg2 48. Ne5 Rxh2 49. Ke6 Nc5+ 50. Kd6 Ne4+ 51. Kd5 Nc3+ 52. Ke6 Ne4 53. Kf5 Nc5 54. Ng6+ Ke8 55. Ke5 Re2+ 56. Kd6 Ne4+ 57. Kd5 Nc3+ 58. Kc4 Nd1 59. Kd3 Re6 60. Nf4 Rd6+ 61. Ke4 Nc3+ 62. Ke5 Rb6 63. Ne6 Rb5+ 64. Kd4 Rb3 65. Kc4 h5 66. Nc5 Ra3 67. Kb4 Ra1 68. Ra8+ Ke7 69. Kxc3 h4 70. Kd4 h3 71.
Ke5 h2 72. Ra7+ Kf8 73. Ne6+ Kg8 74. Ra8+ Kf7 75. Ra7+ Kg6 76. Rg7+ Kh6 77. Rg8 h1=Q 78. Rh8+ Kg6 79. Rxh1 Rxh1 80. Nd4 a3 0-1

[Event "*** MasterClass Titled Tuesday Blitz"]
[Site "Chess.com"]
[Date "2017.12.05"]
[Round "4"]
[White "AndrBaryshpolets"]
[Black "Rikikits"]
[Result "1/2-1/2"]
[WhiteElo "2479"]
[BlackElo "2526"]
[TimeControl "180+2"]
[EndTime "15:06:18 PST"]
[Termination "Game drawn by agreement"]

1. d4 Nf6 2. c4 g6 3. Nc3 Bg7 4. e4 O-O 5. Nf3 d6 6. Be2 e5 7. O-O exd4 8. Nxd4 Re8 9. f3 Nc6 10. Be3 Nh5 11. Qd2 f5 12. Nxc6 bxc6 13. exf5 Qh4 14. Bf2 Qf4 15. Rfd1 Qxd2 16. Rxd2 Nf4 17. Bf1 Bxf5 18.
Bd4 Rab8 19. Bxg7 Kxg7 20. Kf2 g5 21. b3 Re7 22. Re1 Rxe1 23. Kxe1 Re8+ 24. Kf2 h5 25. g3 Ng6 26. Bd3 Bxd3 27. Rxd3 Ne5 28. Re3 Rf8 29. Kg2 Kg6 30. c5 Kf5 31. Ne4 Rd8 32. h3 g4 33.
hxg4+ hxg4 34. f4 Nf7 35. Nf2 Rd7 36. Re8 dxc5 37. Kf1 c4 38. bxc4 c5 39. Ke2 Nd6 40. Re5+ Kg6 41. Rg5+ Kf7 42. Rxc5 Re7+ 43. Kd3 Ke8 44.
Nxg4 Rg7 45. Rg5 Rf7 46. Ne5 Rh7 47. Rg8+ Ke7 48. c5 Nb7 49. Kd4 Rh1 50. Rg7+ Kd8 51. Nc6+ Kc8 52. Nxa7+ Kd8 53. Nc6+ Kc8 54. Ne7+ Kd8 55.
Nd5 Rd1+ 56. Ke5 Nxc5 57. Nxc7 Nd7+ 58. Rxd7+ Kxd7 59. Nb5 Rg1 60. Nd4 Rxg3 61. a4 Ra3 62.
f5 Rxa4 63. Ne6 Ke7 64. Nf4 Kf7 65. Nd5 Ra1 66. Kf4 Rd1 67. Ke5 Re1+ 68. Kf4 Rf1+ 69. Ke5 Rf2 70. Ke4 Ra2 71. Ke5 Ra4 72. Kd6 Re4 73.
f6 Re1 74. Kd7 Re5 75. Kd6 Rf5 76. Kc6 Ke6 77. Nc7+ Kxf6 78. Nd5+ Ke5 79. Nc7 Rf1 80. Kd7 Rc1 81. Nb5 Kd5 82. Nc7+ Kc5 83. Ne6+ Kb6 84.
Kd6 Rd1+ 85. Ke5 Kc6 86. Nd4+ Kd7 87. Nf5 Re1+ 88. Kd5 Rh1 89. Ke5 Ra1 90. Nd4 Ra5+ 91. Ke4 Kd6 92. Nf5+ Ke6 93. Nd4+ Kf6 94. Nc6 Rc5 95.
Nd4 1/2-1/2

[Event "*** MasterClass Titled Tuesday Blitz"]
[Site "Chess.com"]
[Date "2017.12.05"]
[Round "4"]
[White "saraswathii"]
[Black "evgenysharapov"]
[Result "1/2-1/2"]
[WhiteElo "2300"]
[BlackElo "2286"]
[TimeControl "180+2"]
[EndTime "15:06:21 PST"]
[Termination "Game drawn by agreement"]

1. d4 d5 2. Bf4 Nf6 3. e3 c5 4. c3 Nc6 5. Nf3 Bg4 6. Nbd2 e6 7.
Qb3 Qb6 8. Bb5 c4 9. Qa4 Bxf3 10.
Nxf3 Nd7 11. b3 cxb3 12. axb3 Be7 13. O-O O-O 14. c4 a6 15. Bxc6 bxc6 16. cxd5 exd5 17.
Rfc1 Rfc8 18. Rc3 Qb5 19. Rac1 Qxa4 20. bxa4 c5 21. dxc5 Rxc5 22. Nd4 Rac8 23. Rxc5 Rxc5 24. Rxc5 Bxc5 25. Ne2 Nb6 26. a5 Nc4 27. Bc7 Bb4 28. Nf4 Bxa5 29. Bxa5 Nxa5 30. Nxd5 Nc4 31. Kf1 a5 32.
Ke2 a4 33. Kd3 a3 34. Nb4 Ne5+ 35. Ke2 f5 36. f4 Ng4 37. h3 Nf6 38. Kd3 Kf7 39. Kc2 Ke6 40. Kb3 Nd5 41. Nc2 g5 42. g3 g4 43. h4 Nf6 44. Nd4+ Kd5 45. Nxf5 Ke4 46. Nh6 Kxe3 47. Kxa3 Kf3 48. Nf5 Ke4 49. Nd6+ Kf3 50. Nf5 Ne4 51. Nd4+ Kxg3 52. f5 Kxh4 53. Kb2 g3 54. Kc2 g2 55. Kd3 Ng3 56. f6 Nh5 57.
f7 Nf4+ 58. Ke4 Ng6 59. Nf3+ Kg3 60. Ke3 h5 61. Ng1 h4 62. Ne2+ Kh2 63. Kf2 h3 64. Ng1 Nf8 65. Ne2 Ne6 66. Ng1 Nf8 67. Ne2 Kh1 68.
Ng3+ Kh2 69. Ne2 Nh7 70. Ng1 Nf8 71. Ne2 Kh1 72. Ng3+ Kh2 1/2-1/2

[Event "*** MasterClass Titled Tuesday Blitz"]
[Site "Chess.com"]
[Date "2017.12.05"]
[Round "4"]
[White "GrigorGrigorov"]
[Black "cheese111"]
[Result "1/2-1/2"]
[WhiteElo "2596"]
[BlackElo "2422"]
[TimeControl "180+2"]
[EndTime "15:06:29 PST"]
[Termination "Game drawn - insufficient material"]

1. d4 d5 2. c4 e6 3. Nc3 Nf6 4. cxd5 exd5 5. Bg5 c6 6. e3 Be7 7. Qc2 Nbd7 8. Bd3 h6 9. Bh4 Nh5 10. Bxe7 Qxe7 11. Nge2 Nb6 12. O-O O-O 13. Rae1 Bd7 14.
Qd2 Rae8 15. b3 Nc8 16. Ng3 Nxg3 17. hxg3 Nd6 18. f3 Qg5 19. Kf2 Re7 20. Ne2 Bf5 21. Nf4 Bxd3 22. Qxd3 Nf5 23. g4 Qh4+ 24. Kg1 Ng3 25. Nh3 Nxf1 26. Qxf1 Rfe8 27. Qf2 Qxf2+ 28. Kxf2 a5 29. Nf4 f6 30. Nd3 Kf7 31.
Nc5 b6 32. Nd3 Ke6 33. Nf4+ Kd6 34. Ng6 Rc7 35. Nh4 c5 36. Rd1 cxd4 37. Nf5+ Ke5 38.
Nxd4 g6 39. f4+ Kd6 40. Nb5+ Kc6 41. Nxc7 Kxc7 42. Rxd5 a4 43. bxa4 Re4 44. Rd4 Re6 45. Ke2 Rc6 46. Kd2 Rc5 47. Kd3 Ra5 48. e4 h5 49.
gxh5 Rxh5 50. Ke3 Rh1 51. Rd2 Re1+ 52. Kf3 Rc1 53. e5 fxe5 54. fxe5 Rc4 55. Rd6 g5 56. Rg6 Rxa4 57. Rxg5 Rxa2 58. Ke4 b5 59. Rg7+ Kc6 60. g4 b4 61. Rg8 Kc7 62. Rg7+ Kc6 63. Rg6+ Kc7 64. Kd5 Rc2 65. Rg7+ Kb6 66. Rg8 Kb7 67. Rf8 b3 68. Rf1 b2 69. Rb1 Rg2 70. Ke6 Kc7 71. Kf5 Kd7 72. g5 Ke7 73. Kg6 Ke6 74. Re1 Rc2 75. Rb1 Kxe5 76. Kg7 Kd4 77. g6 Kc3 78. Kg8 Rc1 79. Rxb2 Kxb2 80. g7 Rc8+ 81. Kh7 Rc7 82. Kh8 Rxg7 83. Kxg7 1/2-1/2

[Event "*** MasterClass Titled Tuesday Blitz"]
[Site "Chess.com"]
[Date "2017.12.05"]
[Round "4"]
[White "Dr_Nezard"]
[Black "tteshan"]
[Result "1-0"]
[WhiteElo "2294"]
[BlackElo "2008"]
[TimeControl "180+2"]
[EndTime "15:07:57 PST"]
[Termination "Dr_Nezard won on time"]

1. Nf3 c5 2. g3 Nc6 3. Bg2 g6 4. O-O Bg7 5. c4 e6 6. Nc3 Nge7 7. e3 O-O 8. a3 d5 9. cxd5 exd5 10. d4 cxd4 11.
Nxd4 Be6 12. Nce2 Qd7 13. Bd2 Nxd4 14. Nxd4 Bxd4 15. exd4 Nf5 16. Bf4 Rfe8 17. Rc1 Rac8 18. Be5 Qe7 19. Qd2 f6 20. Bf4 Qd8 21. Rfe1 Rxc1 22. Rxc1 Qb6 23. g4 Nxd4 24. Be3 Nb3 25. Bxb6 Nxd2 26. Bxa7 Nc4 27. Bd4 Ne5 28. g5 Nd3 29.
Rd1 Nf4 30. gxf6 Kf7 31. Bf3 Rc8 32. Bc3 g5 33. a4 g4 34. Bg2 Ne2+ 35. Kf1 Nxc3 36.
bxc3 Rxc3 37. Bxd5 Kxf6 38. Bxe6 Kxe6 39. Rb1 Ra3 40.
Rb6+ Kf5 41. Rxb7 Rxa4 42. Rxh7 Kf4 43. Kg2 Ra3 44. Rf7+ Kg5 45. Rg7+ Kf4 46. Rb7 Kg5 47. Rb5+ Kf4 48. Rb4+ Kg5 49. Re4 Kf5 50. Re3 Ra2 51. Kg3 Ra4 52. Rc3 Kg5 53. Rc5+ Kg6 54. Rd5 Kf6 55.
Rb5 Kg6 56. Rb8 Kf5 57. Rf8+ Kg5 58. Rg8+ Kf5 59. Kh4 Rb4 60. Rf8+ Ke5 61. Kg5 Rb7 62. Kxg4 Rg7+ 63. Kf3 Rh7 64. Kg2 Rg7+ 65. Kh1 Rh7 66. Rf3 Ke4 67. Rg3 Rf7 68. Kg2 Rh7 69. h3 Kf4 70. Rg4+ Kf5 71. Kg3 Ra7 72. f3 Ra1 73. h4 Rg1+ 74. Kh3 Rh1+ 75. Kg2 Ra1 76. h5 Ra2+ 77.
Kg3 Ra8 78. Rh4 Kg5 79. Rh2 Rf8 80. h6 Rh8 81. f4+ Kg6 82. Kg4 Rh7 83. f5+ Kf6 84.
Rh5 Rh8 85. h7 Kg7 86. Kg5 Kf7 87. Rh3 Kg7 88. Rb3 Kf7 89. Rb7+ Kf8 90. Kf6 1-0

[Event "*** MasterClass Titled Tuesday Blitz"]
[Site "Chess.com"]
[Date "2017.12.05"]
[Round "5"]
[White "AlexanderL"]
[Black "Zkid"]
[Result "0-1"]
[WhiteElo "2544"]
[BlackElo "2563"]
[TimeControl "180+2"]
[EndTime "15:10:31 PST"]
[Termination "Zkid won by resignation"]

1. Nf3 d5 2. e3 c5 3. b3 Nc6 4. Bb2 Nf6 5. Be2 Bf5 6. O-O e6 7. Nh4 Bg6 8. Nxg6 hxg6 9. c4 d4 10. Bf3 Qc7 11. g3 Rd8 12. Na3 Ne5 13. exd4 cxd4 14. Nb5 Qb6 15. Re1 Nd3 0-1

[Event "*** MasterClass Titled Tuesday Blitz"]
[Site "Chess.com"]
[Date "2017.12.05"]
[Round "5"]
[White "1random"]
[Black "indfraeng"]
[Result "1-0"]
[WhiteElo "2189"]
[BlackElo "1839"]
[TimeControl "180+2"]
[EndTime "15:10:49 PST"]
[Termination "1random won by checkmate"]

1. e4 c6 2. d4 d5 3. exd5 cxd5 4.
c4 Nf6 5. Nc3 e6 6. Nf3 Be7 7.
cxd5 Nxd5 8. Bd3 O-O 9. O-O Nc6 10. Re1 b6 11. Nxd5 Qxd5 12. Be4 Qd7 13. Qc2 Bb7 14. Bxh7+ Kh8 15. Be4 Nb4 16. Qe2 Bxe4 17. Qxe4 Rac8 18. Bg5 Nc2 19. Qh4+ Kg8 20. Bxe7 Nxe1 21. Ng5 Nf3+ 22. gxf3 Rc1+ 23. Rxc1 Rc8 24. Qh7# 1-0

[Event "*** MasterClass Titled Tuesday Blitz"]
[Site "Chess.com"]
[Date "2017.12.05"]
[Round "5"]
[White "ZABDIELBLANCO"]
[Black "Sulvyfex"]
[Result "0-1"]
[WhiteElo "1229"]
[BlackElo "1339"]
[TimeControl "180+2"]
[EndTime "15:10:51 PST"]
[Termination "Sulvyfex won by resignation"]

1. d4 d5 2. c4 c6 3. Nc3 Nf6 4. Bf4 Qb6 5. e3 Qxb2 6. Na4 Qb4+ 7. Ke2 Qxc4+ 8. Qd3 Qxa4 9. Nf3 Qb5 10. Qxb5 cxb5 11. Kd2 Bf5 12. Bxb5+ Nc6 13. Rab1 Ne4+ 14. Ke2 Nc3+ 15.
Kd2 Nxb1+ 16. Rxb1 Bxb1 17. Bxc6+ bxc6 0-1

[Event "*** MasterClass Titled Tuesday Blitz"]
[Site "Chess.com"]
[Date "2017.12.05"]
[Round "5"]
[White "Al_Shima"]
[Black "josmito10"]
[Result "1-0"]
[WhiteElo "2356"]
[BlackElo "2281"]
[TimeControl "180+2"]
[EndTime "15:10:52 PST"]
[Termination "Al_Shima won by resignation"]

1. b3 e5 2. Bb2 Nc6 3. e3 Nf6 4. Bb5 Bd6 5. Ne2 O-O 6. O-O e4 7. Bxc6 dxc6 8. Ng3 Re8 9. d3 Bxg3 10. hxg3 Ng4 11.
dxe4 Qg5 12. Nd2 Qf6 13. Bxf6 1-0

[Event "*** MasterClass Titled Tuesday Blitz"]
[Site "Chess.com"]
[Date "2017.12.05"]
[Round "5"]
[White "lrivaspicazo"]
[Black "pi_mal_auge"]
[Result "1-0"]
[WhiteElo "1727"]
[BlackElo "1608"]
[TimeControl "180+2"]
[EndTime "15:10:57 PST"]
[Termination "lrivaspicazo won by resignation"]

1. e4 Nf6 2. Nc3 d5 3. e5 d4 4. exf6 dxc3 5. fxe7 cxd2+ 6. Bxd2 Bxe7 7. Bd3 O-O 8. Nf3 c5 9. h3 Nc6 10. O-O h6 11.
Re1 Bf6 12. Qc1 Be6 13. a4 Rc8 14. a5 Qe7 15. Ra4 Qd7 16. Rae4 Bd5 17. R4e3 Bd4 18. Nxd4 Nxd4 19. Rg3 Kh8 20. Bxh6 Rc6 21. Bxg7+ 1-0

[Event "*** MasterClass Titled Tuesday Blitz"]
[Site "Chess.com"]
[Date "2017.12.05"]
[Round "5"]
[White "Sola00"]
[Black "d4xaoc"]
[Result "1-0"]
[WhiteElo "1525"]
[BlackElo "1199"]
[TimeControl "180+2"]
[EndTime "15:11:27 PST"]
[Termination "Sola00 won by checkmate"]

1. e4 e6 2. d4 c5 3. Nf3 cxd4 4. Nxd4 Bc5 5. Be3 Qb6 6. Nc3 e5 7. Nf5 Bxe3 8. Nxe3 Nf6 9. Nc4 Qe6 10. Nb5 Na6 11.
Ncd6+ Ke7 12. Bc4 Qg4 13. O-O Rb8 14. f3 Qh5 15. Nf5+ Kf8 16. Qd6+ Kg8 17. Ne7+ Kf8 18.
Ng6+ Kg8 19. Qf8# 1-0

[Event "*** MasterClass Titled Tuesday Blitz"]
[Site "Chess.com"]
[Date "2017.12.05"]
[Round "5"]
[White "toad"]
[Black "RookSacrifice_OLD"]
[Result "1-0"]
[WhiteElo "2186"]
[BlackElo "1836"]
[TimeControl "180+2"]
[EndTime "15:11:35 PST"]
[Termination "toad won by checkmate"]

1. d4 Nf6 2. c4 e6 3. g3 d5 4. Nf3 Bb4+ 5. Bd2 Be7 6. Bg2 O-O 7. O-O c6 8. Qc2 Nbd7 9. Rd1 b6 10. Bf4 Ba6 11.
Ne5 Rc8 12. cxd5 Nxd5 13. Nc3 Nxe5 14. dxe5 Qe8 15. Ne4 c5 16. Rd2 Rd8 17. Rad1 f5 18. exf6 Nxf6 19. Ng5 Rxd2 20. Rxd2 Qc8 21. Be5 Nd5 22.
Qxh7# 1-0

[Event "*** MasterClass Titled Tuesday Blitz"]
[Site "Chess.com"]
[Date "2017.12.05"]
[Round "5"]
[White "NICOLASXD117"]
[Black "Kaphrep"]
[Result "0-1"]
[WhiteElo "1124"]
[BlackElo "2576"]
[TimeControl "180+2"]
[EndTime "15:11:43 PST"]
[Termination "Kaphrep won by resignation"]

1. d4 Nf6 2. c4 e6 3. Nc3 d5 4. Nf3 Nbd7 5. e3 a6 6. Bd3 dxc4 7. Bxc4 b5 8. Bd3 c5 9. a3 Bb7 10. O-O Be7 11. Ne5 O-O 12. Nxd7 Qxd7 13. dxc5 Rfd8 14. b4 Qxd3 15. Qxd3 Rxd3 16. Bb2 Rad8 17. h3 Rd2 18. Rab1 Ne4 19. Nxe4 Bxe4 20. Rbd1 Rxd1 21. Rxd1 Rxd1+ 22.
Kh2 Rd2 23. Bd4 Rxf2 24. Kg3 Rxg2+ 25. Kf4 f5 26. Ke5 Kf7 27. c6 Bxc6 28. Bc5 0-1

[Event "*** MasterClass Titled Tuesday Blitz"]
[Site "Chess.com"]
[Date "2017.12.05"]
[Round "5"]
[White "Marcin"]
[Black "SharkAnto55"]
[Result "1/2-1/2"]
[WhiteElo "2222"]
[BlackElo "2357"]
[TimeControl "180+2"]
[EndTime "15:12:07 PST"]
[Termination "Game drawn by agreement"]

1. d4 d5 2. c4 c6 3. Nf3 Nf6 4.
Nc3 dxc4 5. a4 Bf5 6. Ne5 Nbd7 7. Nxc4 Qc7 8. g3 e5 9. dxe5 Nxe5 10. Bf4 Nfd7 11. Bg2 f6 12. O-O g5 13. Nxe5 Nxe5 14. Bxe5 Qxe5 15. a5 a6 16. Qb3 O-O-O 17. Na4 Be6 18.
Qb6 Qc7 19. Qa7 Qb8 20. Qe3 Qe5 21. Qa7 Qb8 1/2-1/2

[Event "*** MasterClass Titled Tuesday Blitz"]
[Site "Chess.com"]
[Date "2017.12.05"]
[Round "5"]
[White "TARS-JJ"]
[Black "mikelito7"]
[Result "0-1"]
[WhiteElo "1074"]
[BlackElo "1358"]
[TimeControl "180+2"]
[EndTime "15:12:34 PST"]
[Termination "mikelito7 won by resignation"]

1. e4 e5 2. Nf3 Nc6 3. Bc4 Bc5 4. c3 Nf6 5. Qe2 O-O 6. O-O d5 7. exd5 Nxd5 8. Bxd5 Qxd5 9. Re1 Bg4 10. b4 Bxf3 11.
Qxf3 Qxf3 12. gxf3 Bd6 13. Bb2 Rad8 14. d4 exd4 15.
cxd4 Nxb4 16. Bc3 Nc2 17. Rd1 Nxa1 18. Nd2 Nc2 19. Ne4 Na3 20. Nxd6 Rxd6 21. Kg2 Rfd8 22. h3 Nb5 23. Bb2 Nxd4 24. Bxd4 Rxd4 25. Rxd4 Rxd4 26. Kg3 h5 27. f4 h4+ 28. Kxh4 Rxf4+ 29. Kg3 Ra4 30. h4 Rxa2 31. f4 Ra3+ 32. Kg4 Ra4 33.
Kf5 Rxf4+ 34. Kxf4 a5 35. Kf5 a4 0-1

[Event "*** MasterClass Titled Tuesday Blitz"]
[Site "Chess.com"]
[Date "2017.12.05"]
[Round "5"]
[White "nicegg"]
[Black "Jadeit90"]
[Result "0-1"]
[WhiteElo "1985"]
[BlackElo "2320"]
[TimeControl "180+2"]
[EndTime "15:12:41 PST"]
[Termination "Jadeit90 won by resignation"]

1. e4 e6 2. d4 d5 3. Nc3 dxe4 4. Nxe4 Bd7 5. Nf3 Bc6 6. Bd3 Bxe4 7. Bxe4 c6 8. Qe2 Nf6 9. Bg5 Nbd7 10. Bd3 Qc7 11.
c3 Bd6 12. O-O-O h6 13. Bxf6 Nxf6 14. Ne5 Bxe5 15. dxe5 Nd5 16. g3 g5 17. h4 O-O-O 18.
Qf3 Qxe5 19. hxg5 Qxg5+ 20. Kb1 Qf6 21. Qe2 Rd7 22. Rh5 Rhd8 23. Rdh1 Nxc3+ 24. bxc3 Rxd3 25. Qb2 Rd2 26. Qb3 Qxf2 27. Rxh6 Qe2 28. Rh8 Rxh8 29. Rxh8+ Kc7 30. Rh1 Qd3+ 31. Ka1 Rc2 32. Rb1 Qxc3+ 33. Qxc3 Rxc3 34. Rf1 f5 35. g4 fxg4 36. Rf4 g3 37. Rg4 e5 38. Kb2 Rf3 39. Kc2 Rf2+ 40. Kb3 g2 41. a4 e4 42. Rxe4 0-1